[Event "Live Chess"]
[Site "Chess.com"]
[Date "2023.05.20"]
[Round "-"]
[White "Doge_Dandolo"]
[Black "Hacker_2009"]
[Result "1-0"]
[WhiteElo "2147"]
[BlackElo "1902"]
[TimeControl "300"]
[EndTime "9:50:27 PDT"]
[Termination "Doge_Dandolo won by resignation"]

1. Nf3 Nf6 2. c4 e6 3. g3 c5 4.
Bg2 b6 5. Ne5 d5 6. cxd5 exd5 7.
d4 Qc7 8. O-O Bb7 9. Bf4 Bd6 10.
Nc3 a6 11. Rc1 O-O 12. dxc5 Bxe5 13. cxb6 Qe7 14. Bg5 d4 15. Nd5 Qd7 16. Nc7 Bxc7 17. Rxc7 Qf5 18. Bxb7 Nbd7 19. Bxf6 Nxf6 20. Bxa8 Rxa8 21.
Qb3 1-0

[Event "Live Chess"]
[Site "Chess.com"]
[Date "2023.05.20"]
[Round "-"]
[White "AwesomeFredster"]
[Black "jennybobby44"]
[Result "0-1"]
[WhiteElo "1482"]
[BlackElo "1858"]
[TimeControl "300"]
[EndTime "9:50:28 PDT"]
[Termination "jennybobby44 won by checkmate"]

1. e4 c5 2. Nf3 d6 3. d4 cxd4 4.
Nxd4 Nf6 5. Nc3 a6 6. f3 e5 7. Nb3 Be6 8. a3 Be7 9. Be3 O-O 10. Qd2 d5 11. Nc5 d4 12. Nxe6 fxe6 13. Bh6 gxh6 14. Qxh6 dxc3 15. Bc4 Qb6 16. O-O-O Qxb2# 0-1

[Event "Live Chess"]
[Site "Chess.com"]
[Date "2023.05.20"]
[Round "-"]
[White "noobsmoker24"]
[Black "KGreenGator"]
[Result "1-0"]
[WhiteElo "1388"]
[BlackElo "1766"]
[TimeControl "300"]
[EndTime "9:50:31 PDT"]
[Termination "noobsmoker24 won by checkmate"]

1. e4 c5 2. Nf3 Nc6 3. d4 cxd4 4. Nxd4 e5 5. Nb5 d6 6. N1c3 a6 7. Na3 Be6 8. Be3 Nf6 9. Bg5 Be7 10. Bxf6 Bxf6 11.
Qd2 O-O 12. O-O-O Nd4 13. Kb1 b5 14. Nd5 Bxd5 15. exd5 Rc8 16. Bd3 Bg5 17. Qe1 Qc7 18. h4 Bh6 19. g4 g6 20. h5 Bg7 21. f4 exf4 22. hxg6 fxg6 23. Qh4 Bf6 24. g5 Bd8 25. Bxg6 Nf3 26. Bxh7+ Kf7 27. g6+ Ke8 28. Rhe1+ Nxe1 29. Rxe1+ Be7 30. g7 Kd8 31. gxf8=Q+ Kd7 32. Bf5# 1-0

[Event "Live Chess"]
[Site "Chess.com"]
[Date "2023.05.20"]
[Round "-"]
[White "guptarayan"]
[Black "Bob2pen"]
[Result "0-1"]
[WhiteElo "587"]
[BlackElo "1830"]
[TimeControl "300"]
[EndTime "9:50:31 PDT"]
[Termination "Bob2pen won by resignation"]

1. e4 e6 2. d4 d5 3. e5 c5 4. c3 Nc6 5. f4 Qb6 6. Nf3 Bd7 7.
Be2 cxd4 8. Nxd4 Nge7 9. O-O Nxd4 10. cxd4 Nf5 11. Nc3 Qxd4+ 12. Qxd4 Nxd4 13. Bf3 Nxf3+ 14.
Rxf3 Bc5+ 15. Be3 d4 16. Bxd4 Bxd4+ 17. Kh1 Bxc3 18. bxc3 Bc6 19. Rf2 Ke7 20. Rd1 Rad8 21. Rxd8 Rxd8 22. h3 Rd3 23. c4 Rxh3+ 24. Kg1 Rc3 25.
c5 Rxc5 26. Rb2 f6 27. exf6+ gxf6 28. Kf2 e5 29. fxe5 Rxe5 30. a4 Rg5 31. a5 Rxg2+ 32. Ke3 Rxb2 0-1

[Event "Live Chess"]
[Site "Chess.com"]
[Date "2023.05.20"]
[Round "-"]
[White "Jeffaroow"]
[Black "Enhard"]
[Result "0-1"]
[WhiteElo "451"]
[BlackElo "1403"]
[TimeControl "300"]
[EndTime "9:50:33 PDT"]
[Termination "Enhard won by checkmate"]

1. e4 c6 2. d4 d5 3. Nc3 dxe4 4. Nxe4 Bf5 5. Bd3 e6 6. Nf3 Nd7 7. Ne5 Bxe4 8. Bxe4 Nxe5 9. dxe5 Qxd1+ 10. Kxd1 O-O-O+ 11.
Ke1 Bb4+ 12. c3 Bc5 13. Bg5 Rd7 14. Rd1 Rxd1+ 15. Kxd1 h6 16. Be3 Bxe3 17. fxe3 Ne7 18. Re1 Rd8+ 19. Ke2 Nd5 20. Bxd5 Rxd5 21. b4 Rxe5 22.
Rf1 f6 23. Rf3 Kd7 24. Rg3 Rg5 25. Rxg5 hxg5 26. Kf3 Kd6 27. g4 Ke5 28. Kg3 Ke4 29. h4 gxh4+ 30. Kxh4 Kxe3 31. g5 fxg5+ 32. Kxg5 e5 33.
Kf5 e4 34. a4 Kd3 35. c4 e3 36.
Kf4 e2 37. b5 e1=Q 38. bxc6 bxc6 39. Kf5 Kxc4 40. Kg6 Kd5 41. Kxg7 Qf1 42. Kg8 Ke6 43. Kg7 Qf2 44. Kg8 Ke7 45. a5 Qg2+ 46. Kh7 Qg5 47. Kh8 Kf7 48. a6 Qg7# 0-1

[Event "Live Chess"]
[Site "Chess.com"]
[Date "2023.05.20"]
[Round "-"]
[White "GEMdzq"]
[Black "Fazer180"]
[Result "1-0"]
[WhiteElo "2295"]
[BlackElo "1716"]
[TimeControl "300"]
[EndTime "9:50:36 PDT"]
[Termination "GEMdzq won by checkmate"]

1. e4 e6 2. d4 d5 3. Nc3 Bb4 4. e5 c5 5. Bd2 cxd4 6. Nb5 Bxd2+ 7. Qxd2 Nc6 8. Nd6+ Kf8 9. f4 Nge7 10. Nf3 Nf5 11. Nxf5 exf5 12. Nxd4 a6 13. Be2 Qb6 14. c3 Nxd4 15.
cxd4 Bd7 16. O-O Ke7 17. a4 Rac8 18. a5 Qb3 19. Ra3 Qc2 20. Qb4+ Ke8 21. Bd3 Qc6 22.
Rc3 Qe6 23. Qxb7 Rxc3 24. bxc3 f6 25. Rb1 Kf7 26. Rb6 Qe7 27. Qxd5+ Kg6 28. e6 Ba4 29.
Qxf5+ Kh6 30. Qh3# 1-0

[Event "Live Chess"]
[Site "Chess.com"]
[Date "2023.05.20"]
[Round "-"]
[White "vinni3012"]
[Black "BearFromUkraine"]
[Result "1-0"]
[WhiteElo "1881"]
[BlackElo "1164"]
[TimeControl "300"]
[EndTime "9:50:48 PDT"]
[Termination "vinni3012 won by resignation"]

1. d4 d5 2. Nf3 Nf6 3. c4 e6 4.
Nc3 Bb4 5. Bd2 O-O 6. e3 Bd7 7.
Ne5 Nc6 8. Nxd7 Qxd7 9. Bd3 dxc4 10. Bxc4 Rad8 11. a3 Bxc3 12. bxc3 Ne4 13. O-O Nxd2 14. Qxd2 Qe7 15. Rfb1 b6 16. f3 Qf6 17. e4 e5 18.
d5 Na5 19. Bf1 c6 20. c4 cxd5 21. cxd5 Rc8 22. Ba6 Rcd8 23. Qb4 Rfe8 24. Rc1 Qe7 25. Rc3 Qxb4 26. axb4 1-0

[Event "Live Chess"]
[Site "Chess.com"]
[Date "2023.05.20"]
[Round "-"]
[White "Chesscoach_Golichenko"]
[Black "Tushinskiy"]
[Result "1-0"]
[WhiteElo "2646"]
[BlackElo "2094"]
[TimeControl "300"]
[EndTime "9:50:50 PDT"]
[Termination "Chesscoach_Golichenko won by resignation"]

1. d4 d5 2. Nc3 c6 3. Bf4 Nf6 4. f3 Bf5 5. g4 Bg6 6. h4 h5 7.
g5 Nfd7 8. e4 e6 9. Bd3 Qb6 10.
Qd2 Qxd4 11. Be3 Qb4 12. exd5 Bxd3 13. dxe6 Bg6 14. exd7+ Nxd7 15. O-O-O O-O-O 16. a3 Qa5 17. Nce2 Qa4 18. Qc3 Be7 19. Nf4 Bf5 20. Nd5 Rhe8 21. Rd4 Qa6 22. Nb4 Qf1+ 23. Rd1 Qb5 24. Nh3 Ne5 25.
Nf4 Nc4 26. Bxa7 Bd6 27. Nfd3 Re2 28. Rhe1 Be5 29. Nxe5 Rxd1+ 30. Rxd1 Rxc2+ 31. Nxc2 Bxc2 32. Qxc4 Qxc4 33. Nxc4 Bxd1 34. Kxd1 1-0

[Event "Live Chess"]
[Site "Chess.com"]
[Date "2023.05.20"]
[Round "-"]
[White "boilerboy1"]
[Black "CheckThis4"]
[Result "0-1"]
[WhiteElo "1095"]
[BlackElo "2538"]
[TimeControl "300"]
[EndTime "9:50:51 PDT"]
[Termination "CheckThis4 won on time"]

1. e4 c5 2. Nc3 Nc6 3. Nf3 g6 4. Bc4 Bg7 5. Ne2 e6 6. c3 d5 7. exd5 exd5 8. Bb5 Nf6 9. Ng3 h5 10. h4 Bg4 11. O-O O-O 12. d4 cxd4 13.
cxd4 Bxf3 14. gxf3 Qb6 15. Bxc6 bxc6 16. Be3 Qxb2 17. a4 Qb4 18. a5 Qd6 19. Kg2 Rab8 20.
a6 Rb2 21. Qd3 Rfb8 22. Bg5 R8b3 23. Qd1 Nh7 24. Be3 Rxe3 25. Qa4 Ree2 26. Rac1 Rb6 27.
Nxe2 Nf8 28. Ng3 Ne6 29. Rce1 Rb4 30. Qa5 Rxd4 31. Rh1 Kh7 32. Qa1 Nf4+ 33. Kf1 Nd3 0-1

[Event "Live Chess"]
[Site "Chess.com"]
[Date "2023.05.20"]
[Round "-"]
[White "Bot_Boy"]
[Black "stevefairhurst"]
[Result "0-1"]
[WhiteElo "325"]
[BlackElo "542"]
[TimeControl "300"]
[EndTime "9:50:57 PDT"]
[Termination "stevefairhurst won on time"]

1. b4 Nc6 2. c3 Nf6 3. d4 g6 4. Nf3 Bg7 5. Bg5 O-O 6. e3 h6 7.
Bxf6 exf6 8. h4 d5 9. Bd3 Bg4 10.
Nbd2 Qd7 11. Qe2 Rae8 12. e4 dxe4 13. Bxe4 Ne7 14. O-O a6 15. Bxb7 Bf5 16. Qxa6 Be6 17. a4 Bd5 18. Bxd5 Qxd5 19. Rae1 Qa8 20. Qxa8 Rxa8 21.
a5 c6 22. Rxe7 Rae8 23. Rxe8 Rxe8 24. Re1 Rb8 25. Ra1 f5 26. a6 Ra8 27. Ne5 Bxe5 28. dxe5 Kg7 29. Nc4 f6 30. e6 Kf8 31. Nb6 Ra7 32.
Nd7+ Ke7 33. Nc5 Kd6 34. Re1 Ke7 0-1

[Event "Live Chess"]
[Site "Chess.com"]
[Date "2023.05.20"]
[Round "-"]
[White "bedsdrout"]
[Black "Vedant-1411"]
[Result "0-1"]
[WhiteElo "434"]
[BlackElo "884"]
[TimeControl "300"]
[EndTime "9:50:58 PDT"]
[Termination "Vedant-1411 won by checkmate"]

1. e3 d5 2. Nf3 Nc6 3. c3 Nf6 4. Ng5 Be6 5. e4 dxe4 6. d4 h6 7. Qe2 hxg5 8. Qe3 Ng4 9. Qxe4 Nf6 10. Qf3 Bg4 11. Qg3 Qd6 12. Bf4 Qe6+ 13. Be3 Ne4 14. Qxc7 Qc8 15. Qe5 Nxe5 16. dxe5 Qd8 17. f3 Bf5 18.
fxe4 Bxe4 19. Bb5+ Bc6 20. Na3 Bxb5 21. Nxb5 a6 22.
Rd1 Qxd1+ 23. Kxd1 axb5 24. Kc1 Rxa2 25. Bb6 Ra1+ 26.
Kd2 Rxh1 27. b3 R1xh2 28. c4 Rxg2+ 29. Kd3 bxc4+ 30. bxc4 Rh3+ 31. Kd4 Rg4+ 32. Kd5 e6# 0-1

[Event "Live Chess"]
[Site "Chess.com"]
[Date "2023.05.20"]
[Round "-"]
[White "defenderalist"]
[Black "Jio85"]
[Result "0-1"]
[WhiteElo "1591"]
[BlackElo "2025"]
[TimeControl "300"]
[EndTime "9:50:58 PDT"]
[Termination "Jio85 won by resignation"]

1. e4 Nf6 2. Nc3 d5 3. exd5 Nxd5 4. Nxd5 Qxd5 5. Nf3 Bg4 6. Be2 Nc6 7. O-O O-O-O 8. h3 h5 9. d4 e6 10. c3 Bd6 11. Ne5 Bxe5 12. hxg4 hxg4 13. dxe5 Qxe5 14. g3 Rxd1 0-1

[Event "Live Chess"]
[Site "Chess.com"]
[Date "2023.05.20"]
[Round "-"]
[White "zdanevych"]
[Black "mach247"]
[Result "1-0"]
[WhiteElo "1530"]
[BlackElo "1331"]
[TimeControl "300"]
[EndTime "9:51:08 PDT"]
[Termination "zdanevych won by checkmate"]

1. d4 Nf6 2. c4 e6 3. Nc3 d5 4.
cxd5 Nxd5 5. e4 Nxc3 6. bxc3 Be7 7. Nf3 O-O 8. e5 Nd7 9. Bd3 Re8 10. O-O Nb6 11.
Be3 Nd5 12. Bd2 c5 13. c4 Nb4 14. Bxb4 cxb4 15. d5 exd5 16. cxd5 g6 17. d6 Bf8 18.
Re1 Be6 19. Bb5 Bd7 20. Bxd7 Qxd7 21. h3 Bg7 22. Rb1 a5 23. Rb2 Rac8 24. Rc2 Rxc2 25. Qxc2 Rc8 26. Qe4 b5 27. Ng5 Rc4 28. Qd5 h6 29.
Ne4 a4 30. Nf6+ Bxf6 31. exf6 b3 32. Re7 Rc1+ 33. Kh2 Qf5 34. Qxf7+ Kh8 35. Qg7# 1-0

[Event "Live Chess"]
[Site "Chess.com"]
[Date "2023.05.20"]
[Round "-"]
[White "ramses-IIG"]
[Black "lateforthesky"]
[Result "0-1"]
[WhiteElo "744"]
[BlackElo "2077"]
[TimeControl "300"]
[EndTime "9:51:10 PDT"]
[Termination "lateforthesky won by checkmate"]

1. e4 c5 2. Nf3 Nf6 3. d3 d6 4.
Nc3 g6 5. d4 cxd4 6. Qxd4 Bg7 7.
Qa4+ Nc6 8. Qb5 O-O 9. Bg5 a6 10. Qd3 h6 11. Bf4 e5 12. Be3 Ng4 13. Qd2 Nxe3 14.
Qxe3 Be6 15. Ne2 Rc8 16. c3 Na5 17. b3 b5 18. Ng3 Qc7 19. Rc1 d5 20. Be2 d4 21.
Qd3 dxc3 22. h4 Rfd8 23. Qc2 Bg4 24. h5 Bxf3 25. Bxf3 Rd2 26. Qb1 Qd6 27. Qa1 b4 28. hxg6 fxg6 29. Bg4 Rf8 30. Nf1 Rdxf2 31. Ne3 Qd2# 0-1

[Event "Live Chess"]
[Site "Chess.com"]
[Date "2023.05.20"]
[Round "-"]
[White "xx_blindpuffin_xx"]
[Black "hello505050"]
[Result "1-0"]
[WhiteElo "2188"]
[BlackElo "1075"]
[TimeControl "300"]
[EndTime "9:51:14 PDT"]
[Termination "xx_blindpuffin_xx won by checkmate"]

1. d4 d5 2. Bf4 Nc6 3. e3 Bf5 4. c4 Nb4 5. Qa4+ Nc6 6. cxd5 e6 7. dxc6 bxc6 8. Qxc6+ Ke7 9. Nf3 Qb8 10. Bb5 Nf6 11.
Bg5 Qd8 12. Ne5 a6 13. Qc5+ Qd6 14. Nc6+ Kd7 15. Ne5+ Ke7 16. Bc6 Qxc5 17. dxc5 Rb8 18. b3 h6 19. Bh4 g5 20. Bg3 h5 21. Ba4 h4 22. Nc6+ Ke8 23. Nxb8+ Kd8 24. Be5 Bg7 25. Nc3 h3 26. O-O-O+ Kc8 27. Nxa6 Rd8 28. Rxd8+ Kxd8 29. Rd1+ Ke7 30. Bxc7 Ne4 31. Nxe4 Bxe4 32. Bd8+ Kf8 33. Bxg5 hxg2 34. Rd8# 1-0

[Event "Live Chess"]
[Site "Chess.com"]
[Date "2023.05.20"]
[Round "-"]
[White "WelshTiger"]
[Black "ReeceHockton"]
[Result "1-0"]
[WhiteElo "2426"]
[BlackElo "321"]
[TimeControl "300"]
[EndTime "9:51:15 PDT"]
[Termination "WelshTiger won by checkmate"]

1. e4 e5 2. d4 Nc6 3. d5 Nd4 4. c3 f6 5. cxd4 exd4 6. Qxd4 d6 7. Nf3 b5 8. Bxb5+ Bd7 9. Nc3 Nh6 10. O-O g5 11.
Bxg5 fxg5 12. Qxh8 Nf7 13. Qxh7 g4 14. Nd4 Bxb5 15.
Ncxb5 Rb8 16. Ne6 Qd7 17. Nbxc7+ Qxc7 18. Nxc7+ Kd7 19. Qxf7+ Kd8 20. Ne6+ Kc8 21. Qc7# 1-0

[Event "Live Chess"]
[Site "Chess.com"]
[Date "2023.05.20"]
[Round "-"]
[White "Brooms1989"]
[Black "olahgito"]
[Result "1-0"]
[WhiteElo "969"]
[BlackElo "730"]
[TimeControl "300"]
[EndTime "9:51:21 PDT"]
[Termination "Brooms1989 won by resignation"]

1. e4 d5 2. exd5 Qxd5 3. Nc3 Qd8 4. d4 Nf6 5. Nf3 Nc6 6. Bc4 Bg4 7. h3 Bxf3 8. Qxf3 Nxd4 9. Qd3 e5 10. O-O Qd6 11. Re1 O-O-O 12. Bxf7 Be7 13. Bg5 Rhf8 14. Bb3 h6 15.
Bxf6 Bxf6 16. a4 Nxb3 17. Qxd6 Rxd6 18. cxb3 Re8 19. b4 Rd2 20. Nd1 e4 21. a5 Bxb2 22.
Rb1 Bc3 23. Nxc3 Rd4 24. f3 Kd7 25. Rxe4 Rdxe4 26. Nxe4 b6 27. Rd1+ Kc6 28. axb6 axb6 29. b5+ Kxb5 30. Re1 Kc4 31. Nd2+ Kc3 32. Rxe8 Kxd2 33.
Rc8 c5 34. Rc6 b5 35. Rxc5 b4 36. Rb5 Kc3 37. Kf2 b3 38. Ke3 b2 39. Ke4 Kc2 40.
Ke5 b1=Q 41. Rxb1 Kxb1 42. Kf5 Kc2 43. Kg6 Kd2 44. Kxg7 Ke2 45. f4 Kf2 46. f5 h5 47.
f6 Kxg2 48. f7 Kxh3 49. f8=Q Kg2 50. Qf5 h4 51. Qg4+ 1-0

[Event "Live Chess"]
[Site "Chess.com"]
[Date "2023.05.20"]
[Round "-"]
[White "wot-not"]
[Black "alanmike75"]
[Result "1-0"]
[WhiteElo "1482"]
[BlackElo "1482"]
[TimeControl "300"]
[EndTime "9:51:24 PDT"]
[Termination "wot-not won by resignation"]

1. e4 e5 2. f4 exf4 3. Nf3 Nf6 4. e5 Nh5 5. d4 d5 6. Bd3 Be6 7. O-O Nd7 8. Nbd2 g5 9. Nb3 Ng7 10. Bd2 Be7 11. Be1 c6 12. c3 Qb6 13. Bf2 O-O-O 14.
Qc2 h6 15. a4 a5 16. Nbd2 g4 17. Ne1 h5 18. c4 g3 19. hxg3 fxg3 20. Bxg3 Qxd4+ 21. Bf2 Qg4 22. cxd5 Bxd5 23. Be4 Qe6 24. Bxd5 Qxd5 25. Ndf3 Nxe5 26. Nxe5 Qxe5 27. Nf3 Qf5 28. Qc3 Qf6 29. Qxa5 Nf5 30. Qa8+ Kc7 31. Bb6+ Kxb6 32.
a5+ Kc7 33. Qa7 Qxb2 34. Rab1 Qxb1 35. Rxb1 Rb8 36. Qb6+ 1-0

[Event "Live Chess"]
[Site "Chess.com"]
[Date "2023.05.20"]
[Round "-"]
[White "domrobson"]
[Black "therealab0ne"]
[Result "1-0"]
[WhiteElo "1725"]
[BlackElo "677"]
[TimeControl "300"]
[EndTime "9:51:45 PDT"]
[Termination "domrobson won by resignation"]

1. d4 d5 2. c4 e6 3. Nf3 Nf6 4. Nc3 c5 5. cxd5 exd5 6. Bg5 Nc6 7. e3 Bd6 8. dxc5 Bxc5 9. Bb5 O-O 10. O-O d4 11. exd4 Nxd4 12. Nxd4 Bxd4 13. Qc2 Re8 14. Rad1 Re5 15. Bxf6 Qxf6 16. Rxd4 h6 17. Rfd1 Bh3 18. gxh3 Rg5+ 19. Rg4 Rxg4+ 20. hxg4 Re8 21. Bxe8 1-0

[Event "Live Chess"]
[Site "Chess.com"]
[Date "2023.05.20"]
[Round "-"]
[White "wadsy27"]
[Black "Supertromp"]
[Result "1-0"]
[WhiteElo "2588"]
[BlackElo "2163"]
[TimeControl "300"]
[EndTime "9:51:56 PDT"]
[Termination "wadsy27 won by resignation"]

1. d4 Nf6 2. Bf4 g6 3. e3 Bg7 4.
Nf3 O-O 5. Be2 d6 6. O-O b6 7. h3 Bb7 8. c4 Nbd7 9. Nc3 c5 10. d5 a6 11. Bh2 Ne8 12. Rc1 Nc7 13. a4 f5 14. e4 fxe4 15. Nxe4 Nf6 16. Bd3 Bc8 17. Qc2 Nh5 18. Neg5 Qe8 19. Rce1 Nf4 20. Bxf4 Rxf4 21. Re3 Bf5 22. Rfe1 Bxd3 23. Qxd3 Bf6 24.
Ne6 Nxe6 25. Rxe6 Qf7 26. b3 Rf8 27. R1e4 Rxe4 28. Qxe4 Kg7 29. h4 Bxh4 30. Nxh4 Qxf2+ 31. Kh2 Rf4 32. Rxe7+ Kh6 33. Rxh7+ Kxh7 34. Qxg6+ Kh8 35. Qh6+ Kg8 36. Ng6 Rf3 37. Ne7+ Kf7 38. Qh5+ Kxe7 39. Qxf3 Qh4+ 40. Qh3 Qf4+ 41. Qg3 Qh6+ 42. Kg1 Qc1+ 43. Kf2 Qc2+ 44. Kf1 Qc1+ 45. Qe1+ Qxe1+ 46. Kxe1 Kf6 47. Kf2 Kf5 48. Kf3 a5 49. g4+ Kg5 50. Kg3 Kg6 51. Kf4 Kh6 52. g5+ Kg6 53. Kg4 Kg7 54. Kf5 Kf7 55. g6+ Kg7 56. Ke6 Kxg6 57. Kxd6 b5 58. Kc7 bxa4 1-0

[Event "Live Chess"]
[Site "Chess.com"]
[Date "2023.05.20"]
[Round "-"]
[White "JamesWallman"]
[Black "alexlines8"]
[Result "0-1"]
[WhiteElo "774"]
[BlackElo "1255"]
[TimeControl "300"]
[EndTime "9:51:56 PDT"]
[Termination "alexlines8 won by checkmate"]

1. e3 e5 2. d3 d5 3. Nf3 Nc6 4. Nc3 Nf6 5. Be2 Bb4 6. Bd2 Be6 7. O-O O-O 8. a3 Bd6 9. h3 Qd7 10. Nh2 e4 11. d4 Bxh3 12. gxh3 Qxh3 13. Kh1 Qxh2# 0-1

[Event "Live Chess"]
[Site "Chess.com"]
[Date "2023.05.20"]
[Round "-"]
[White "Prijmak"]
[Black "apl_trainer"]
[Result "0-1"]
[WhiteElo "984"]
[BlackElo "1569"]
[TimeControl "300"]
[EndTime "9:51:57 PDT"]
[Termination "apl_trainer won by resignation"]

1. e4 e5 2. f4 exf4 3. Nf3 d6 4. Bc4 h6 5. d4 g5 6. O-O Bg7 7. c3 Nc6 8. Qb3 Qe7 9. Bd3 Rb8 10. h3 Be6 11. c4 Nxd4 12. Nxd4 Bxd4+ 13. Kh1 Qf6 14. Nc3 Ne7 15. Nd5 Bxd5 16. cxd5 O-O 17. Rb1 Ng6 18.
Bd2 c5 19. Qc2 b5 20. Bc3 b4 21. Bxd4 Qxd4 22. Qc4 Qxc4 23. Bxc4 Ne5 24. b3 a5 25. Rf2 a4 26. Rbf1 Rb7 27. Ba6 Ra7 28. Bc4 axb3 29. axb3 Rfa8 30. Kh2 Ra2 31. Kg1 Kg7 32. Rxa2 Rxa2 33. Rf2 Rxf2 34. Kxf2 Nxc4 35. bxc4 b3 0-1

[Event "Live Chess"]
[Site "Chess.com"]
[Date "2023.05.20"]
[Round "-"]
[White "Jeffaroow"]
[Black "jennybobby44"]
[Result "0-1"]
[WhiteElo "451"]
[BlackElo "1858"]
[TimeControl "300"]
[EndTime "9:51:59 PDT"]
[Termination "jennybobby44 won by resignation"]

1. e4 c5 2. Nc3 Nc6 3. Nf3 g6 4. d4 cxd4 5. Nxd4 Bg7 6. Nxc6 bxc6 7. Bd2 d6 8. Bd3 Nf6 9. O-O O-O 10. Qf3 Nd7 11. e5 Nxe5 12. Qe4 Bf5 13. Qxc6 Nxc6 14. Bxf5 gxf5 15. Nd5 e6 0-1

[Event "Live Chess"]
[Site "Chess.com"]
[Date "2023.05.20"]
[Round "-"]
[White "ethanredball"]
[Black "Hacker_2009"]
[Result "0-1"]
[WhiteElo "571"]
[BlackElo "1902"]
[TimeControl "300"]
[EndTime "9:52:00 PDT"]
[Termination "Hacker_2009 won by resignation"]

1. d4 Nf6 2. Bg5 e6 3. Bxf6 Qxf6 4. e4 c6 5. e5 Qd8 6. Nf3 d6 7. exd6 Bxd6 8. Nc3 O-O 9. Bd3 b6 10. Qe2 Bb7 11. Qe4 g6 12. Ng5 Qxg5 13. O-O Qe7 14. Ne2 c5 15. Nf4 Bxe4 0-1

[Event "Live Chess"]
[Site "Chess.com"]
[Date "2023.05.20"]
[Round "-"]
[White "CocheseUK"]
[Black "MarkLim1"]
[Result "0-1"]
[WhiteElo "1109"]
[BlackElo "1604"]
[TimeControl "300"]
[EndTime "9:52:03 PDT"]
[Termination "MarkLim1 won by resignation"]

1. d4 Nf6 2. Nc3 d5 3. Bf4 e6 4.
e3 Bb4 5. Ne2 O-O 6. a3 Be7 7. Ng3 c5 8. dxc5 Bxc5 9. b4 Be7 10.
Bd3 Nc6 11. Nge2 a6 12. O-O e5 13. Bg3 e4 14. Nf4 exd3 15. Qxd3 Be6 16. Rfd1 Rc8 17.
Ncxd5 Nxd5 18. Nxd5 Bxd5 19. Qxd5 Qxd5 20. Rxd5 Bf6 21.
Rad1 Ne7 22. Rd7 Nf5 23. Rxb7 Nxg3 24. hxg3 Rxc2 25. Rdd7 Ra2 0-1

[Event "Live Chess"]
[Site "Chess.com"]
[Date "2023.05.20"]
[Round "-"]
[White "flyingpuffins"]
[Black "chrisbradgate"]
[Result "1-0"]
[WhiteElo "1978"]
[BlackElo "845"]
[TimeControl "300"]
[EndTime "9:52:06 PDT"]
[Termination "flyingpuffins won by checkmate"]

1. d4 d5 2. e4 c6 3. Nc3 e6 4. e5 Bb4 5. f4 Bxc3+ 6. bxc3 Ne7 7. Qg4 O-O 8. Nf3 Nd7 9. Bd3 Ng6 10. h4 h6 11. Bxg6 fxg6 12. Qxg6 Qe8 13. Qg4 h5 14. Qg5 g6 15. Bd2 Rf7 16. O-O-O Nf8 17. g4 Nh7 18.
Qh6 Qf8 19. Qxg6+ Rg7 20. Qxh5 Bd7 21. Ng5 Be8 22. Qh6 Nxg5 23. hxg5 Kf7 24. f5 exf5 25. gxf5 Ke7 26. Qd6+ Kf7 27. g6+ Kg8 28. Rh8+ Kxh8 29. Qxf8+ Rg8 30. Rh1# 1-0

[Event "Live Chess"]
[Site "Chess.com"]
[Date "2023.05.20"]
[Round "-"]
[White "tuppyglossop"]
[Black "Andysav3"]
[Result "0-1"]
[WhiteElo "1593"]
[BlackElo "1694"]
[TimeControl "300"]
[EndTime "9:52:17 PDT"]
[Termination "Andysav3 won by checkmate"]

1. e4 c5 2. Nf3 Nc6 3. d4 cxd4 4. Nxd4 Nf6 5. Nc3 e5 6. Ndb5 d6 7. Bg5 a6 8. Na3 b5 9. Nd5 Be6 10. Bxf6 gxf6 11. c3 f5 12. Bd3 Bg7 13. O-O Kf8 14.
Nc2 Rc8 15. Nce3 fxe4 16. Bxe4 Ne7 17. Qf3 h5 18. Nxe7 Qxe7 19. Bf5 h4 20. h3 Rc5 21. Rfd1 Bh6 22. Bxe6 Qxe6 23. Ng4 Kg7 24. Re1 f5 25. Nxh6 Rxh6 26. Qb7+ Kf6 27. Qxa6 e4 28. Rad1 d5 29. Qxe6+ Kxe6 30. Rd2 Ke5 31. f3 f4 32. fxe4 dxe4 33.
Rd4 e3 34. a4 Rg6 35. axb5 Rxb5 36. Kf1 Rxb2 37. Rb4 Rf2+ 38. Kg1 Rgxg2+ 39. Kh1 Rh2+ 40. Kg1 Rfg2+ 41. Kf1 Rg3 42. Rb5+ Ke4 43. Rb4+ Kf3 44. Rd4 Rh1# 0-1

[Event "Live Chess"]
[Site "Chess.com"]
[Date "2023.05.20"]
[Round "-"]
[White "Singapourfeuj"]
[Black "LodeshChess"]
[Result "1-0"]
[WhiteElo "2274"]
[BlackElo "879"]
[TimeControl "300"]
[EndTime "9:52:17 PDT"]
[Termination "Singapourfeuj won by resignation"]

1. d4 Nf6 2. Nf3 c5 3. d5 d6 4.
Nc3 e5 5. e4 Qa5 6. Bd3 Bg4 7.
O-O Nbd7 8. h3 Bxf3 9. Qxf3 Be7 10. g4 h6 11. Qg3 Qb4 12. a3 Qd4 13. Be3 Nxe4 14.
Nxe4 Qxb2 15. Rfb1 Qxa1 16. Rxa1 Nb6 17. Rb1 Nxd5 18.
Bb5+ Kd8 19. c4 Nc7 20. Rd1 a6 21. Nxd6 Bxd6 22. Rxd6+ Ke7 23. Rd7+ Ke6 24. Rxc7 1-0

[Event "Live Chess"]
[Site "Chess.com"]
[Date "2023.05.20"]
[Round "-"]
[White "Daniel_Gliddon_FA"]
[Black "Driftboard"]
[Result "1-0"]
[WhiteElo "954"]
[BlackElo "717"]
[TimeControl "300"]
[EndTime "9:52:20 PDT"]
[Termination "Daniel_Gliddon_FA won by checkmate"]

1. e4 e5 2. d4 exd4 3. c3 dxc3 4.
Bc4 cxb2 5. Bxb2 Nc6 6. Nf3 Nf6 7. Qb3 Qe7 8. O-O d6 9. Nbd2 Bg4 10. e5 Nxe5 11. Nxe5 dxe5 12. Qxb7 Qd8 13. Bb5+ Bd7 14. Bxd7+ Nxd7 15. Rad1 Nc5 16. Qc6+ Qd7 17. Qxa8+ Qd8 18. Qxd8+ Kxd8 19. Ne4+ Nd7 20. Bxe5 Kc8 21. Bxc7 Kxc7 22. Rc1+ Kd8 23. Rfd1 Ba3 24. Rc3 Bb4 25. Rcd3 Kc8 26.
Rxd7 Ba5 27. Rxf7 Re8 28. Nd6+ Kd8 29. Nxe8+ Kxe8 30. Rxa7 Bb6 31. Rb7 Ba5 32. Rdd7 Bc3 33. Rdc7 Kd8 34. Rf7 Kc8 35. Rbc7+ Kd8 36. Rxc3 Ke8 37.
Ra7 Kd8 38. Rf3 Ke8 39. Rb3 Kd8 40. Rb8# 1-0

[Event "Live Chess"]
[Site "Chess.com"]
[Date "2023.05.20"]
[Round "-"]
[White "SupremeTactician"]
[Black "TheSmoulderingMaster"]
[Result "1-0"]
[WhiteElo "2409"]
[BlackElo "1792"]
[TimeControl "300"]
[EndTime "9:52:26 PDT"]
[Termination "SupremeTactician won by resignation"]

1. e4 c5 2. Nf3 d6 3. d4 cxd4 4. Nxd4 Nf6 5. Nc3 g6 6. Be2 Bg7 7. O-O O-O 8. h3 Nc6 9. Nxc6 bxc6 10. f4 Qb6+ 11. Kh1 Bd7 12. e5 Ne8 13. exd6 Nxd6 14.
Na4 Qd4 15. Qxd4 Bxd4 16. c3 Bf6 17. Nc5 Bf5 18. g4 Bc2 19. Bf3 e5 20. Nd7 Be7 21.
Nxf8 Rxf8 22. fxe5 Nc4 23. Bxc6 Nxe5 24. Bg2 Bd3 25. Re1 f6 26. Bf4 Bd6 27. Rad1 Rd8 28. Bd5+ Kg7 29. Bxe5 Bxe5 30. Rxd3 1-0

[Event "Live Chess"]
[Site "Chess.com"]
[Date "2023.05.20"]
[Round "-"]
[White "Jio85"]
[Black "guptarayan"]
[Result "1-0"]
[WhiteElo "2025"]
[BlackElo "587"]
[TimeControl "300"]
[EndTime "9:52:27 PDT"]
[Termination "Jio85 won by resignation"]

1. e4 e5 2. Nf3 Nc6 3. Bc4 f5 4. d4 fxe4 5. Nxe5 Nxe5 6. dxe5 d5 7. Bxd5 c6 8. Bf7+ Ke7 9. Bg5+ Nf6 10. exf6+ gxf6 11. Bxf6+ Kxf6 12. Qxd8+ Kxf7 13. Nc3 Bg7 14. Qc7+ 1-0

[Event "Live Chess"]
[Site "Chess.com"]
[Date "2023.05.20"]
[Round "-"]
[White "CheckThis4"]
[Black "Tushinskiy"]
[Result "1-0"]
[WhiteElo "2541"]
[BlackElo "2093"]
[TimeControl "300"]
[EndTime "9:52:34 PDT"]
[Termination "CheckThis4 won by resignation"]

1. c4 c5 2. Nf3 d6 3. Nc3 Nc6 4. d4 Nf6 5. d5 g6 6. dxc6 bxc6 7. g3 Bg7 8. Bg2 O-O 9. O-O Bb7 10. Bg5 Qb6 11. Qd2 Rad8 12. Bh6 Bxh6 13. Qxh6 Qxb2 14. Rac1 Ba6 15. Ng5 1-0